AoeStats
← GORGORY

Arabia

509869006Analyzed
1v1 RM · 4d ago on Sep 28, 2026· 27m 51s· 2 players
Game mode
Random Map
Map size
Tiny (2 player)
Population
200
Speed
Normal
Resources
Standard
Victory
Conquest
Starting age
Dark Age
Ending age
Imperial Age
RankedLock teamsTeams togetherTeam positionsShared explorationLock speedFull tech treeHidden civsTurbo modeCheats
Victory
Defeat
🇨🇳 Teutons · China
948
+15
🇦🇷 Magyars · Argentina
930
-15
GORGORY
5:46 Loom
9:12 Feudal Age
9:38 Double-Bit Axe
9:36 Horse Collar
15:13 Wheelbarrow
24:50 Castle Age
flyfish
10:47 Feudal Age
9:02 Loom
11:41 Town Watch
26:56 Fletching
Connection lost

Rejoining the realm…

Still unreachable

The connection could not be restored.

Session expired

The server has moved on; the page needs a fresh start.